 Dungeon Crawl Stone Soup version 0.29.0-7-g18a832c13a (webtiles) character file.

Game seed: 12077745506476686478

814 BiteMe the Stinger (level 7, -2/48 HPs)
             Began as a Demonspawn Venom Mage on Aug 31, 2022.
             Was an Initiate of Vehumet.
             Slain by a gnoll sergeant
             ... wielding a +2 spear of distortion
              (10 damage)
             ... on level 6 of the Dungeon.
             The game lasted 01:06:02 (9674 turns).

BiteMe the Stinger (Demonspawn Venom Mage)          Turns: 9674, Time: 01:06:03

Health: -2/48      AC:  4    Str: 14    XL:     7   Next: 62%
Magic:  14/23      EV: 12    Int: 19    God:    Vehumet [......]
Gold:   330        SH:  4    Dex: 13    Spells: 12/15 levels left

rFire   + . .      SeeInvis .   c - +2 trident (protect)
rCold   + . .      Faith    .   (no shield)
rNeg    . . .      Spirit   .   k - +0 robe {rC+ rF+}
rPois   .          Reflect  .   l - +0 helmet
rElec   .          Harm     .   (no cloak)
rCorr   .          Rampage  .   (no gloves)
Will    .....                   j - +0 pair of boots
Stlth   ++........              u - amulet of regeneration
HPRegen 0.96/turn               m - ring of magical power
MPRegen 0.18/turn               b - +6 ring of strength

@: about to teleport
A: powered by death 2, condensation shield, weakness stinger 2
a: Renounce Religion


You were on level 6 of the Dungeon.
You worshipped Vehumet.
Vehumet was noncommittal.
You visited 2 branches of the dungeon, and saw 8 of its levels.

You collected 330 gold pieces.

Inventory:

Hand Weapons
 a - a +0 mace of venom
 c - a +2 trident of protection (weapon)
 g - a +0 vorpal scimitar
 q - a +0 long sword
Missiles
 t - 24 stones
Armour
 j - a +0 pair of boots (worn)
 k - a +0 robe of resistance (worn)
 l - a +0 helmet (worn)
 n - a scarf of harm
Jewellery
 b - a +6 ring of strength (right hand)
 m - a ring of magical power (left hand)
 u - an amulet of regeneration (around neck)
Scrolls
 e - a scroll of butterflies
 p - 3 scrolls of teleportation
 r - a scroll of torment
Potions
 d - a potion of heal wounds
 f - a potion of mutation
 i - 2 potions of lignification
 o - a potion of attraction
 w - 2 potions of flight


   Skills:
 + Level 1.5 Fighting
 - Level 0.1(0.3) Axes
 - Level 0.3 Maces & Flails
 + Level 0.3(0.4) Polearms
 + Level 2.3 Dodging
 + Level 2.2 Stealth
 + Level 0.2 Shields
 * Level 4.8 Spellcasting
 + Level 2.1 Transmutations
 + Level 1.9 Air Magic
 * Level 6.0 Poison Magic


You had 12 spell levels left.
You knew the following spells:

 Your Spells              Type           Power      Damage    Failure   Level
a - Sting                 Tmut/Pois      80%        1d7       2%          1
b - Poisonous Vapours     Pois/Air       38%        N/A       3%          2

Your spell library contained the following spells:

 Spells                   Type           Power      Damage    Failure   Level
 Beastly Appendage        Tmut           24%        N/A       5%          1
 Spider Form              Tmut/Pois      20%        N/A       7%          3
 Wereblood                Tmut           12%        N/A       8%          2
 Olgreb's Toxic Radiance  Pois           27%        N/A       11%         4
 Mephitic Cloud           Conj/Pois/Air  14%        N/A       13%         3
 Gell's Gravitas          Tloc           4%         N/A       36%         3
 Lesser Beckoning         Tloc           4%         N/A       36%         3
 Ozocubu's Armour         Ice            4%         N/A       36%         3
 Teleport Other           Tloc           4%         N/A       36%         3
 Metabolic Englaciation   Hex/Ice        2%         N/A       98%         5
 Simulacrum               Ice/Necr       2%         N/A       100%        6


Dungeon Overview and Level Annotations

Branches:
Dungeon (7/15)             Temple (1/1) D:6

Altars:
Cheibriados
Dithmenos
Okawaru
Qazlal
Ru
Vehumet

Shops:
D:3 =   D:5 *

Annotations:
D:4 1 runed translucent door, SensoryNuts's ghost, amateur DrBr
D:6 Menkaure


Innate Abilities, Weirdness & Mutations

You regenerate health from kills.
A meltable shield of frost defends you. (SH +4)
You have a tail ending in a sharp stinger.


Message History

The gnoll sergeant is heavily wounded.
The gnoll sergeant hits you from afar with a +2 spear of distortion.
Space warps around you.
Reach: c) +2 trident (protect)
Press: ? - help, Dir - move target, f/p - gnoll sergeant
Aim: a gnoll sergeant, wielding a +2 spear of distortion and wearing a +0 scale mail (severely wounded, poisoned, about 35% to evade your +2 trident of protection)
You reach to attack!
You barely miss the gnoll sergeant.
The gnoll sergeant is severely wounded.
The gnoll sergeant completely misses you.
Casting: Poisonous Vapours (safe; 3% risk of failure)
Confirm with . or Enter, or press ? or * to list all spells.
Aiming: Sting (safe; 2% risk of failure)
Press: ? - help, Shift-Dir - straight line, f/p - gnoll sergeant
Aim: a gnoll sergeant, wielding a +2 spear of distortion and wearing a +0 scale mail (severely wounded, poisoned, 82% to hit)
The sting misses the gnoll sergeant.
The gnoll sergeant hits you from afar with a +2 spear of distortion.
Space warps around you. The gnoll hits you but does no damage.
Casting: Sting (safe; 2% risk of failure)
Confirm with . or Enter, or press ? or * to list all spells.
Aiming: Sting (safe; 2% risk of failure)
Press: ? - help, Shift-Dir - straight line, f/p - gnoll sergeant
Aim: a gnoll sergeant, wielding a +2 spear of distortion and wearing a +0 scale mail (severely wounded, poisoned, 82% to hit)
The sting misses the gnoll.
The sting hits the gnoll sergeant.
The gnoll sergeant looks even sicker.
The gnoll sergeant is severely wounded.
The gnoll closely misses you. The gnoll hits you with a +0 flail.
* * * LOW HITPOINT WARNING * * *
The gnoll sergeant misses you.
As you read the scroll of teleportation, it crumbles to dust.
You feel strangely unstable. The gnoll sergeant closely misses you.
The gnoll hits you with a +0 flail!
* * * LOW HITPOINT WARNING * * *
You block the gnoll's attack.
Reach: c) +2 trident (protect)
Press: ? - help, Dir - move target, f/p - gnoll sergeant
Aim: a gnoll sergeant, wielding a +2 spear of distortion and wearing a +0 scale mail (severely wounded, very poisoned, about 35% to evade your +2 trident of protection)
You reach to attack!
You closely miss the gnoll sergeant.
The gnoll sergeant is severely wounded.
The gnoll sergeant hits you from afar with a +2 spear of distortion!
You die...

### ###.## #....#
#@..## #####gg.#
####..##.)g##
#...........#..
#...............
##............... ...##
#####......#.........
......
###..##.............#..
......
#........#.........## #
......


You could see a gnoll sergeant (very poisoned) and 2 gnolls.

Vanquished Creatures
  A centaur (D:6)
  Blork the orc (D:4)
  2 necrophages (D:5)
  3 scorpions
  2 hounds (D:4)
  An orc priest (D:6)
  2 orc wizards (D:6)
  Robin (D:4)
  4 gnolls
  6 adders
  A white imp (D:6)
  A worm (D:3)
  2 dart slugs
  9 orcs
  5 ball pythons
  4 endoplasms
  4 giant cockroaches
  18 goblins
  11 hobgoblins
  18 jackals
  4 kobolds
  3 quokkas
  5 bats
  4 frilled lizards
  4 rats
116 creatures vanquished.

Notes
Turn   | Place    | Note
-------+----------+-------------------------------------------
     0 | D:1      | BiteMe the Demonspawn Venom Mage began the quest for the
                  | Orb.
     0 | D:1      | Reached XP level 1. HP: 13/13 MP: 3/3
   371 | D:1      | Gained mutation: You have a small tail. [demonic ancestry]
   371 | D:1      | Reached XP level 2. HP: 19/19 MP: 3/5
   406 | D:1      | Reached skill level 1 in Transmutations
   700 | D:1      | Found a faded altar of an unknown god.
  1695 | D:1      | Gained mutation: A meltable shield of frost defends you.
                  | (SH +4) [demonic ancestry]
  1695 | D:1      | Reached XP level 3. HP: 12/24 MP: 7/7
  3711 | D:2      | Learned a level 2 spell: Poisonous Vapours
  3754 | D:3      | Found an iron altar of Okawaru.
  4788 | D:3      | Reached XP level 4. HP: 22/31 MP: 8/8
  4904 | D:4      | Reached skill level 4 in Poison Magic
  5174 | D:4      | Noticed a scorpion
  5204 | D:3      | Found Duokhodu's Jewellery Shoppe.
  5416 | D:3      | Found a sacrificial altar of Ru.
  5952 | D:4      | Gained mutation: You have a tail ending in a sharp stinger.
                  | [demonic ancestry]
  5952 | D:4      | Reached XP level 5. HP: 36/36 MP: 9/9
  6243 | D:4      | Found a shadowy altar of Dithmenos.
  6839 | D:4      | Noticed SensoryNuts's ghost (amateur DrBr)
  6844 | D:4      | Found a runed translucent door.
  7166 | D:5      | Entered Level 5 of the Dungeon
  7166 | D:5      | Found Buixtinu's Assorted Antiques.
  7168 | D:5      | Noticed Blork the orc
  7176 | D:5      | Reached skill level 1 in Fighting
  7186 | D:4      | Killed Blork the orc
  7187 | D:4      | Reached skill level 5 in Poison Magic
  7187 | D:4      | Gained mutation: You regenerate a little health from kills.
                  | [demonic ancestry]
  7187 | D:4      | Reached XP level 6. HP: 34/43 MP: 3/11
  7778 | D:5      | Reached skill level 1 in Air Magic
  7778 | D:5      | Gained mutation: You regenerate health from kills. [demonic
                  | ancestry]
  7778 | D:5      | Reached XP level 7. HP: 44/48 MP: 13/13
  8501 | D:4      | Noticed Robin
  8538 | D:4      | Killed Robin
  9310 | D:6      | Found a staircase to the Ecumenical Temple.
  9318 | Temple   | Entered the Ecumenical Temple
  9352 | Temple   | Became a worshipper of Vehumet
  9458 | D:6      | Noticed Menkaure
  9513 | D:6      | Reached skill level 6 in Poison Magic
  9674 | D:6      | Slain by a gnoll sergeant

Illustrated notes

Levels and vault maps discovered:
D:1:      lemuel_arrival_tunnels, layout_loops_ring,
          shapermc_ecumenical_altar_mp_vishouse
D:2:      layout_loops_ring, serial_co_window_serial, co_window_corner_a,
          co_window_of_opportunity_a, co_window_paths_b,
          co_window_of_opportunity_a, co_window_paths_a, co_window_cross_1,
          co_window_broadway_a, co_window_unsneaky_path_b, co_window_corner_b,
          co_window_4corner_a, co_window_paths_d, glass_columns_a,
          glass_columns_b, skrybe_limestone_x
D:3:      layout_basic, nicolae_overflow_crystal_walls,
          amethyst_overflow_temple_binary, serial_shops,
          nicolae_shop_statue_plus
D:4:      kennysheep_goblin_castle, layout_rooms, mainiacjoe_overflow_catwalk,
          hellmonk_ghost_happy_afterlife, uniq_robin
D:5:      layout_layer_cave, serial_shops, shop_fountains, solitary_fountain,
          uniq_blork_the_orc
D:6:      layout_cave_pools, minmay_temple_entry_mist, uniq_menkaure
D:7:      layout_basic, nicolae_uskayaw_suspiria,
          gammafunk_ghost_wrathful_warriors, serial_park_tiny_1, the_hattery
Temple:   nicolae_temple_figure_eight

Skill      XL: |  1  2  3  4  5  6  7 |
---------------+----------------------+-----
Transmutations | 1 2 |  2.1
Poison Magic   | 4 5 6 |  6.0
Stealth        | 2 |  2.2
Spellcasting   | 3 4 |  4.8
Dodging        | 2 |  2.3
Fighting       | 1 |  1.5
Air Magic      | 1 |  1.9
Axes           | |  0.1
Maces & Flails | |  0.3
Polearms       | |  0.3
Shields        | |  0.2

Action                   |  1- 3 |  4- 6 |  7- 9 || total
-------------------------+-------+-------+-------++-------
Melee: Hand axe          |    39 |       |       ||    39
       Tailslap          |     3 |     7 |     5 ||    15
       Mace              |     6 |    37 |       ||    43
       Trident           |       |     9 |    51 ||    60
       Punch             |       |       |     1 ||     1
 Cast: Sting             |    76 |    79 |    20 ||   175
       Poisonous Vapours |     2 |    32 |    46 ||    80
  Use: Scroll            |     4 |     3 |     8 ||    15
       Potion            |     1 |     2 |     1 ||     4
 Stab: Sleeping          |     5 |       |     1 ||     6
Armor: Robe              |    19 |    24 |    22 ||    65
Dodge: Dodged            |    53 |    69 |    51 ||   173
Block: Other             |     8 |    15 |    18 ||    41
